 Dungeon Crawl Stone Soup version 0.31-a0-221-gbddc013574 (webtiles) character file.

Game seed: 9632455579305013817

3094 Iniera the Carver (level 9, -8/55 HPs)
             Began as a Tengu Gladiator on July 5, 2023.
             Was a Follower of Qazlal.
             Mangled by an orc knight
             ... wielding a +0 war axe
              (26 damage)
             ... in a bailey.
             The game lasted 00:10:28 (7458 turns).

Iniera the Carver (Tengu Gladiator)                 Turns: 7458, Time: 00:10:29

Health: -8/55      AC: 10    Str: 14    XL:     9   Next: 90%
Magic:  23/23      EV: 19    Int: 10    God:    Qazlal [*.....]
Gold:   386        SH:  7    Dex: 19    Spells: 8/8 levels left

rFire   . . .        C - +7 Throatcutter {drain, coup de grace}
rCold   + . .        r - +0 buckler
rNeg    . . .        d - +2 leather armour {rPois}
rPois   +            c - +0 hat "Axuzisuth" {Fly rC+ MP+9}
rElec   .            (no cloak)
rCorr   .            p - +0 pair of gloves
SInv    .            (boots unavailable)
Will    +....        (no amulet)
Stlth   +            y - +4 ring of protection
HPRegen 0.29/turn    u - ring of willpower
MPRegen 0.18/turn

%: no passive effects
@: flying quickly and evasively, quick
A: beak, talons 3, nimble flight
a: Renounce Religion


You were in a bailey.
You worshipped Qazlal.
Qazlal was aware of your devotion.
You visited 2 branches of the dungeon, and saw 9 of its levels.
You also visited: Bailey.

You collected 386 gold pieces.

Inventory:

Hand Weapons
 a - a +0 long sword of electrocution
 b - a +2 dagger of venom
 C - the +7 Throatcutter (weapon) {drain, coup de grace}
   (You found it on level 8 of the Dungeon)
Missiles
 e - a javelin
 f - a throwing net
 q - 7 poisoned darts (quivered)
Armour
 c - the +0 hat "Axuzisuth" (worn) {Fly rC+ MP+9}
   (You found it on level 5 of the Dungeon)

   rC:        It protects you from cold.
   MP:        It affects your magic capacity (+9).
   Fly:       It grants you flight.
 d - a +2 leather armour of poison resistance (worn)
 p - a +0 pair of gloves (worn)
 r - a +0 buckler (worn)
 D - +0 steam dragon scales
Jewellery
 u - a ring of willpower (right hand)
 y - a +4 ring of protection (left hand)
Scrolls
 i - 2 scrolls of identify
 l - 2 scrolls of fog
 m - a scroll of fear
 s - 2 scrolls of vulnerability
 t - 2 scrolls of enchant weapon
 B - 3 scrolls of immolation
 E - a scroll of teleportation {unknown}
Potions
 g - 3 potions of curing
 h - 2 potions of might
 j - 3 potions of mutation
 k - 3 potions of berserk rage {unknown}
 n - 3 potions of enlightenment
 o - a potion of haste {unknown}
 v - 2 potions of invisibility {unknown}
 w - a potion of ambrosia {unknown}
 x - a potion of resistance {unknown}
 z - a potion of cancellation {unknown}
 A - a potion of degeneration {unknown}


   Skills:
 + Level 5.7 Fighting
 + Level 8.9 Long Blades
 - Level 2.0 Throwing
 - Level 3.5 Armour
 + Level 7.5 Dodging
 - Level 2.0 Shields
 * Level 5.6 Invocations


You had 8 spell levels left.
You didn't know any spells.
Your spell library contained the following spells:

 Spells                   Type           Power      Damage    Failure   Level
 Hailstorm                Conj/Ice       0%         3d3       88%         3
 Inner Flame              Hex/Fire       0%         N/A       88%         3
 Flame Wave               Conj/Fire      0%         2d4       99%         4
 Ice Form                 Ice/Tmut       0%         N/A       99%         4
 Leda's Liquefaction      Hex/Erth       0%         N/A       99%         4
 Sticky Flame             Conj/Fire      0%         2d3       99%         4
 Borgnjor's Vile Clutch   Necr/Erth      0%         N/A       100%        5
 Iskenderun's Battlesphe  Conj           0%         2d6       100%        5
 Lee's Rapid Deconstruct  Erth           0%         3d4*      100%        5
 Leda's Unmaking          Conj/Erth      0%         9d1       100%        6
 Simulacrum               Ice/Necr       0%         N/A       100%        6
 Statue Form              Tmut/Erth      0%         N/A       100%        6
 Malign Gateway           Summ/Tloc      0%         N/A       100%        7
 Spellforged Servitor     Conj/Summ      0%         N/A       100%        7
 Disjunction              Tloc           0%         N/A       100%        8


Dungeon Overview and Level Annotations

Branches:
Dungeon (8/15)             Temple (1/1) D:6          Bailey (1/1)
   Lair: D:8-11

Altars:
Ashenzari
Cheibriados
Dithmenos
Elyvilon
Fedhas
Gozag
Hepliaklqana
Kikubaaqudgha
Makhleb
Nemelex Xobeh
Okawaru
Qazlal
Ru
Sif Muna
Trog
Uskayaw
Vehumet
Wu Jian
Xom
Zin

Annotations:
D:7 3 exclusions


Innate Abilities, Weirdness & Mutations

You have a beak for a mouth.
You have claws for feet.
Your magical nature lets you fly swiftly and evasively.


Message History

The orc knight goes into a battle-frenzy!
Found a runed plate armour and 4 datura-tipped darts.
Found a gate leading back out of this place.
You aren't carrying any items that you can evoke.
Unknown command.
Unknown command.
The orc knight roars a battlecry!
The orc knight goes into a battle-frenzy!
Things that are here:
a +0 war axe; 6 curare-tipped darts The orc knight no longer looks unusually strong.
The orc knight roars a battlecry!
The orc knight goes into a battle-frenzy!
Throw: 2 throwing nets
Press: ? - help, Shift-Dir - straight line, f - orc knight
Aim: an orc knight, wielding a +0 war axe and wearing a +0 chain mail (strong, 61% to hit)
You throw a throwing net.
The throwing net completely misses the orc knight.
The orc knight hits you with a +0 war axe!
You closely miss the orc knight.
You peck the orc knight, but do no damage.
The orc knight no longer looks unusually strong.
The orc knight closely misses you.
You hit the orc knight.
You claw the orc knight, but do no damage.
The orc knight is lightly wounded.
The orc knight completely misses you.
You barely miss the orc knight.
The orc knight is lightly wounded.
The orc knight roars a battlecry!
The orc knight goes into a battle-frenzy!
You slash the orc knight! Your kick misses the orc knight.
You peck the orc knight, but do no damage.
The orc knight is lightly wounded.
The orc knight hits you with a +0 war axe!!
You closely miss the orc knight.
You claw the orc knight, but do no damage.
The orc knight is lightly wounded.
The orc knight hits you with a +0 war axe!!
You die...

##..∩..## ##'''##
#...# #...# #...#
####...####
##~.......~##
#####~~......((~###
#.@oo~~.......(~...
#.###~~.......~~###
#....~~.....(.(~...
#.###~~...).)(~~###
#. ..~~...)...~~...
#.###~~.......~~###
#. ..~~.......~~...
#. ##~~.......~~###
..~~.......~~...


You could see 2 orc knights.

Vanquished Creatures
  Eustachio (D:5)
  A steam dragon (D:8)
  Duvessa (D:7)
  A water moccasin (D:7)
  2 sky beasts
  2 orc warriors
  An ice beast (D:6)
  4 kobold brigands
  4 bullfrogs
  3 scorpions
  8 wights
  Dowan (D:7)
  An electric eel (D:7)
  4 howler monkeys
  A crimson imp (D:3)
  2 orc priests (D:5)
  A gnoll bouda (D:4)
  3 hounds
  2 sleepcaps (D:5)
  4 iguanas
  5 orc wizards
  3 gnolls
  12 adders
  A shadow imp (D:5)
  2 white imps
  2 ufetubi (D:5)
  2 dart slugs
  18 orcs
  5 bats
  10 endoplasms
  3 giant cockroaches
  11 goblins
  8 hobgoblins
  13 jackals
  4 quokkas
  6 ball pythons
  4 frilled lizards
  17 kobolds
  5 rats
178 creatures vanquished.

Notes
Turn   | Place    | Note
-------+----------+-------------------------------------------
     0 | D:1      | Iniera the Tengu Gladiator began the quest for the Orb.
     0 | D:1      | Reached XP level 1. HP: 12/12 MP: 2/2
   165 | D:1      | Reached XP level 2. HP: 17/17 MP: 3/3
   301 | D:1      | Reached skill level 1 in Armour
   318 | D:1      | Reached skill level 4 in Long Blades
   318 | D:1      | Reached XP level 3. HP: 21/21 MP: 4/4
   742 | D:2      | Found a hazy altar of Hepliaklqana.
   954 | D:2      | Got the Quarto of Ironbound Locality
  1057 | D:2      | Reached XP level 4. HP: 26/26 MP: 5/5
  1306 | D:3      | Reached skill level 1 in Shields
  1312 | D:3      | Found a burning altar of Makhleb.
  1313 | D:3      | Found a shimmering altar of Xom.
  1323 | D:3      | Gained mutation: Your magical nature lets you fly swiftly
                  | and evasively. [Tengu growth]
  1323 | D:3      | Reached XP level 5. HP: 30/30 MP: 6/6
  1344 | D:3      | Found a faded altar of an unknown god.
  1391 | D:3      | Reached skill level 5 in Long Blades
  1533 | D:3      | Found a hide-covered altar of Uskayaw.
  1945 | D:3      | Identified the +9 dagger of the Growing Dove {vamp, rElec
                  | rF- rN+++ Dex-3}
  2414 | D:4      | Found a shadowy altar of Dithmenos.
  2414 | D:4      | Found an opulent altar of Gozag.
  2558 | D:5      | Entered Level 5 of the Dungeon
  2577 | D:5      | Reached XP level 6. HP: 19/35 MP: 7/7
  2841 | D:5      | Noticed a sky beast
  2870 | D:5      | Killed a sky beast
  2871 | D:5      | Reached skill level 6 in Long Blades
  2978 | D:5      | Identified the +0 hat "Axuzisuth" {Fly rC+ MP+9}
  3052 | D:5      | Reached XP level 7. HP: 34/40 MP: 8/8
  3060 | D:5      | HP: 2/40 [orc priest/+0 whip of electrocution (16)]
  3394 | D:5      | Reached skill level 5 in Dodging
  4129 | D:5      | Noticed Eustachio
  4145 | D:5      | Killed Eustachio
  4146 | D:5      | Reached skill level 7 in Long Blades
  4146 | D:5      | Reached XP level 8. HP: 34/46 MP: 9/9
  4699 | D:6      | Reached skill level 1 in Invocations
  4817 | D:6      | Found a staircase to the Ecumenical Temple.
  4928 | Temple   | Entered the Ecumenical Temple
  5035 | Temple   | Became a worshipper of Qazlal Stormbringer
  5539 | D:7      | Noticed Duvessa
  5540 | D:7      | Noticed Dowan
  5552 | D:7      | Killed Dowan
  5582 | D:7      | Killed Duvessa
  5908 | D:7      | Reached skill level 8 in Long Blades
  5911 | D:7      | Reached XP level 9. HP: 44/52 MP: 12/12
  6957 | D:7      | Reached skill level 5 in Fighting
  7247 | D:8      | Reached * piety under Qazlal
  7253 | D:8      | Found the +7 Throatcutter {drain, coup de grace}
  7270 | D:8      | Reached skill level 5 in Invocations
  7306 | D:8      | Found a flagged portal.
  7342 | Bailey   | Entered a bailey
  7432 | Bailey   | Noticed an orc knight
  7432 | Bailey   | Noticed an orc knight
  7458 | Bailey   | Mangled by an orc knight

Illustrated notes

Levels and vault maps discovered:
D:1:      dpeg_arrival_rooms_with_view, layout_basic, minmay_small_reverse_x
D:2:      layout_rooms, basic_altar
D:3:      kennysheep_big_flooded_room, layout_loops_ring,
          grunt_temple_overflow_champion_of_chaos,
          mainiacjoe_overflow_surrounded_room,
          hellmonk_ecumenical_altar_arch_garden, st_stairs_11,
          grunt_ministairs_13
D:4:      layout_loops_ring, gammafunk_temple_overflow_wave
D:5:      layout_cave_pods, uniq_eustachio
D:6:      layout_loops_ring, temple_doors_cd
D:7:      layout_cave_pods, serial_park, serial_park_tiny_1, serial_park_gazebo
          [serial_park_minivault_5x5_8], serial_park_avenue1,
          serial_park_fountain, serial_park_tiny_pond, uniq_duvessa
D:8:      layout_cave_pools, grunt_temple_overflow_holy_war, enter_bailey_5,
          dk_rats_in_the_wall
Temple:   nicolae_temple_superstar
Bailey:   bailey_axe_3, bailey

Skill      XL: |  1  2  3  4  5  6  7  8  9 |
---------------+----------------------------+-----
Armour         | 1 2 3 |  3.5
Long Blades    | 4 5 6 7 8 |  8.9
Shields        | 1 2 |  2.0
Dodging        | 4 5 6 7 |  7.5
Fighting       | 3 4 5 |  5.7
Invocations    | 3 5 |  5.6
Throwing       | |  2.0

Action                     |  1- 3 |  4- 6 |  7- 9 || total
---------------------------+-------+-------+-------++-------
  Melee: Long sword        |    73 |   167 |   175 ||   415
         Kick              |    19 |    43 |   135 ||   197
         Peck              |     5 |    24 |    85 ||   114
         Punch             |     1 |       |       ||     1
         Dagger            |       |       |   182 ||   182
  Throw: Dart              |       |       |    10 ||    10
         Throwing net      |       |       |     4 ||     4
    Use: Scroll            |     2 |     5 |     6 ||    13
         Potion            |       |     2 |     4 ||     6
 Armour: Scale mail        |    36 |    62 |    53 ||   151
         Leather armour    |       |       |    39 ||    39
  Dodge: Dodged            |    30 |   100 |   231 ||   361
  Block: Buckler           |     4 |    41 |    81 ||   126

Table legend: (Time is in decaauts)
 A = Elapsed time spent in this place.
 B = Non-inter-level travel time spent in this place.
 C = Inter-level travel time spent in this place.
 D = Time resting spent in this place.
 E = Time spent auto-exploring this place.
 F = Levels seen in this place.
 G = Mean time per level.
                   A        B        C        D        E       F      G
               +--------+--------+--------+--------+--------+-----+--------+
         Total |   7119 |   6811 |    308 |   1213 |   4036 |  10 |  711.9 |
       Dungeon |   6892 |   6625 |    267 |   1174 |   3956 |   8 |  861.5 |
        Temple |    116 |     75 |     41 |      0 |     62 |   1 |  116.0 |
        Bailey |    110 |    110 |      0 |     39 |     18 |   1 |  110.0 |
               +--------+--------+--------+--------+--------+-----+--------+

Top non-repeatable levels by time:
     D:7: 1484 daAuts
     D:5: 1355 daAuts
     D:4: 1139 daAuts
     D:3: 790 daAuts
     D:6: 713 daAuts
     D:1: 662 daAuts
     D:2: 494 daAuts
     D:8: 252 daAuts
  Temple: 116 daAuts
  Bailey: 110 daAuts
